[Event "Titled Tuesday Blitz January 17 Early 2023"]
[White "Goldin, Alexander"]
[Black "Atabayev, Saparmyrat"]
[WhiteFideId "2019540"]
[BlackFideId "14000571"]
[WhiteElo "2542"]
[BlackElo "2448"]
[Result "0-1"]
[Round "05"]
[TimeControl "180+2"]
[Date "2023.01.17"]
[WhiteClock "0:00:08"]
[BlackClock "0:00:36"]

1. Nf3 Nf6 2. d4 g6 3. Nbd2 d5 4. g3 Bg7 5. Bg2 O-O 6. O-O Nbd7 7. c4 c6 8. b3 a5 9. Bb2 a4 10. Qc2 Nb6 11. e4 dxe4 12. Nxe4 Bf5 13. Nxf6+ Bxf6 14. Qe2 Bg4 15. Qe3 c5 16. Ne5 Bxe5 17. Qxe5 Nd7 18. Qe3 cxd4 19. Qxd4 Nf6 20. Qf4 Be6 21. b4 a3 22. Bd4 Ra4 23. Bc3 Qd3 24. Rac1 Qxc4 25. Qe5 Qxa2 26. g4 Rc8 27. g5 Rxc3 28. Rxc3 Ng4 29. Qd4 Qb2 30. Qd8+ Kg7 31. Qd4+ f6 32. gxf6+ Nxf6 33. Qe5 Ra6 34. b5 Rd6 35. Qc5 a2 36. Ra3 b6 37. Qe3 Ng4 38. Qg3 Rd2 39. Ra7 Qf6 40. h3 Nxf2 41. Rxf2 a1=Q+ 42. Rxa1 Qxa1+ 43. Kh2 Rxf2 44. Qxf2 Qe5+ 45. Qg3 Qxg3+ 46. Kxg3 Bc4 47. Kf4 Bxb5 48. Ke5 Bd7 49. Be4 Bxh3 0-1


[Site "https://www.chess.com"]

[Event "Titled Tuesday Blitz January 17 Early 2023"]
[White "Ansh M Shah"]
[Black "Gurvich, Vitaly"]
[WhiteFideId "25033379"]
[BlackFideId "24164852"]
[WhiteElo "2171"]
[BlackElo "2278"]
[Result "0-1"]
[Round "05"]
[TimeControl "180+2"]
[Date "2023.01.17"]
[WhiteClock "0:00:06"]
[BlackClock "0:01:34"]

1. d4 g6 2. c4 Bg7 3. h4 Nf6 4. Nc3 c5 5. d5 O-O 6. e4 d6 7. Be2 e6 8. h5 exd5 9. exd5 Re8 10. h6 Bh8 11. Kf1 Bf5 12. Bf4 Na6 13. a3 Ne4 14. Nxe4 Bxe4 15. Bd3 Qf6 16. Bc1 Qf5 17. Be2 b5 18. cxb5 Nc7 19. Nf3 Nxd5 20. Bc4 Nb6 21. Be2 d5 22. Be3 d4 23. Nh4 Qd5 24. Bf4 d3 25. Bf3 Bxb2 26. Rb1 Bf6 27. Qd2 c4 28. Bg5 Bh8 29. Bxe4 Rxe4 30. Rh3 Rae8 31. Rd1 c3 32. Qxd3 Rd4 33. Qxd4 Bxd4 34. Be3 Qxb5+ 35. Kg1 Bf6 36. Nf3 c2 37. Rc1 Rxe3 38. fxe3 Qb1 39. Rxb1 cxb1=Q+ 40. Kh2 Nc4 41. Nd4 Be5+ 42. g3 Bxd4 43. exd4 f5 44. Rh4 Qc2+ 45. Kh3 Ne3 46. Rf4 Qg2+ 47. Kh4 Kf7 48. Kg5 Qxg3+ 49. Rg4 Qxg4# 0-1


[Site "https://www.chess.com"]

[Event "Titled Tuesday Blitz January 17 Early 2023"]
[White "Averjanov, Alexey"]
[Black "Martin Carmona, Gaston Manuel"]
[WhiteFideId "14109867"]
[BlackFideId "22284567"]
[WhiteElo "2399"]
[BlackElo "2333"]
[Result "1/2-1/2"]
[Round "05"]
[TimeControl "180+2"]
[Date "2023.01.17"]
[WhiteClock "0:02:50"]
[BlackClock "0:00:29"]

1. d4 Nf6 2. c4 g6 3. Nc3 Bg7 4. e4 d6 5. Be2 O-O 6. Nf3 e5 7. O-O Nc6 8. d5 Ne7 9. Ne1 Nd7 10. Be3 f5 11. f3 f4 12. Bf2 g5 13. a4 Rf6 14. a5 Rh6 15. g4 fxg3 16. hxg3 Nf6 17. c5 Bh3 18. Ng2 Qd7 19. g4 Ng6 20. cxd6 Bxg2 21. Kxg2 Nf4+ 22. Kg1 Nh3+ 23. Kg2 Nf4+ 24. Kg1 Nh3+ 25. Kg2 Nf4+ 1/2-1/2


[Site "https://www.chess.com"]

[Event "Titled Tuesday Blitz January 17 Early 2023"]
[White "Costachi, Mihnea"]
[Black "Md, Imran"]
[WhiteFideId "1217518"]
[BlackFideId "25748580"]
[WhiteElo "2476"]
[BlackElo "2284"]
[Result "1-0"]
[Round "05"]
[TimeControl "180+2"]
[Date "2023.01.17"]
[WhiteClock "0:00:35"]
[BlackClock "0:00:13"]

1. Nc3 Nf6 2. e4 d6 3. d4 e5 4. Nf3 exd4 5. Nxd4 Be7 6. Bc4 O-O 7. O-O Nxe4 8. Nxe4 d5 9. Bd3 dxe4 10. Bxe4 Bf6 11. Be3 Re8 12. Bf3 c6 13. c3 Nd7 14. h3 Ne5 15. Be2 Qc7 16. Qd2 Be6 17. Nxe6 Rxe6 18. Rad1 Re7 19. Bc5 Ree8 20. Qf4 Rad8 21. Rxd8 Rxd8 22. Rd1 Rxd1+ 23. Bxd1 b6 24. Be3 Qd8 25. Bb3 c5 26. Qe4 g6 27. Bd5 Kg7 28. c4 Nd7 29. b3 Qe7 30. Qf4 Qe5 31. Qxe5 Nxe5 32. Be4 Nd7 33. f4 Bd4 34. Bxd4+ cxd4 35. b4 a5 36. a3 axb4 37. axb4 Kf8 38. Kf2 f5 39. Bc6 Nf6 40. Ke2 Nh5 41. Kd3 Nxf4+ 42. Kxd4 Ke7 43. c5 bxc5+ 44. Kxc5 Nd3+ 45. Kc4 Ne5+ 46. Kd5 Nd3 47. b5 Nf4+ 48. Ke5 Ne6 49. b6 Nc5 50. b7 Na6 51. h4 Nb8 52. Bb5 h6 53. g3 Kd8 54. Kf6 g5 55. h5 f4 56. gxf4 gxf4 57. Kg6 f3 58. Kxh6 f2 59. Kg7 1-0


[Site "https://www.chess.com"]

[Event "Titled Tuesday Blitz January 17 Early 2023"]
[White "Krysa, Leandro"]
[Black "Kozin, Yuri"]
[WhiteFideId "116807"]
[BlackFideId "4129920"]
[WhiteElo "2541"]
[BlackElo "2251"]
[Result "1-0"]
[Round "05"]
[TimeControl "180+2"]
[Date "2023.01.17"]
[WhiteClock "0:00:59"]
[BlackClock "0:00:43"]

1. e4 c5 2. Nf3 e6 3. d4 cxd4 4. Nxd4 a6 5. a3 Qc7 6. Nc3 Nf6 7. f4 d6 8. Be3 b5 9. Qf3 Bb7 10. g4 g6 11. g5 Nfd7 12. O-O-O Bg7 13. h4 Nc6 14. Ndxb5 axb5 15. Nxb5 Qb8 16. Nxd6+ Ke7 17. e5 Ncxe5 18. Qxb7 Qxb7 19. Nxb7 Rhb8 20. fxe5 Rxb7 21. Bg2 Rab8 22. Bxb7 Rxb7 23. Bd4 Bxe5 24. Bxe5 Nxe5 25. Rhe1 Nf3 26. Re4 Rb5 27. a4 Rf5 28. Rf1 Nxg5 29. Rxf5 Nxe4 30. Rf4 Nc5 31. a5 f5 32. Rc4 Kd6 33. b4 Nd7 34. b5 e5 35. a6 Kd5 36. a7 Nb6 37. Rc6 Na8 38. Rc8 Nb6 39. Rb8 1-0


[Site "https://www.chess.com"]

[Event "Titled Tuesday Blitz January 17 Early 2023"]
[White "Jimenez, Joaquin"]
[Black "Domingo Nunez, Ruben"]
[WhiteFideId "109860"]
[BlackFideId "22245570"]
[WhiteElo "2195"]
[BlackElo "2416"]
[Result "0-1"]
[Round "05"]
[TimeControl "180+2"]
[Date "2023.01.17"]
[WhiteClock "0:00:20"]
[BlackClock "0:00:05"]

1. e4 Nc6 2. Nf3 Nf6 3. Nc3 d5 4. exd5 Nxd5 5. Bb5 Nxc3 6. bxc3 Qd5 7. c4 Qe6+ 8. Qe2 Qxe2+ 9. Kxe2 Bd7 10. d4 a6 11. Bxc6 Bxc6 12. d5 Bd7 13. Bf4 O-O-O 14. Rhe1 e6 15. Ng5 Bb4 16. Bd2 Bxd2 17. Kxd2 Be8 18. Kc3 exd5 19. cxd5 Rxd5 20. f4 h6 21. Nf3 Rc5+ 22. Kb2 Ba4 23. c3 Rd8 24. Re7 Rf5 25. g3 Re8 26. Rae1 Rxe7 27. Rxe7 Kd8 28. Re3 Rd5 29. Ne5 Rd2+ 30. Ka3 Be8 31. h4 f6 32. Rd3+ Rxd3 33. Nxd3 Ke7 34. Nc5 Bc6 35. Kb4 Kd6 36. Kc4 a5 37. Kd4 b6 38. Nd3 Ke6 39. a3 Kf5 40. Nf2 Bf3 41. Ke3 Bd5 42. g4+ Ke6 43. Kd4 Bf3 44. Ke3 Bg2 45. Kd4 c5+ 46. Kd3 b5 47. Ke3 Kd5 48. Kd3 Bf1+ 49. Kd2 Kc4 50. Kc2 Bg2 51. Kb2 Bf3 52. Kc2 b4 53. axb4 cxb4 54. cxb4 axb4 55. Kb2 Kd4 56. g5 Ke3 57. Nh3 Bg4 58. Ng1 Kf2 59. gxf6 gxf6 0-1


[Site "https://www.chess.com"]

[Event "Titled Tuesday Blitz January 17 Early 2023"]
[White "Wagner, Dennis"]
[Black "Poeta, Caio Medeiros"]
[WhiteFideId "24650684"]
[BlackFideId "2142660"]
[WhiteElo "2595"]
[BlackElo "2088"]
[Result "1-0"]
[Round "05"]
[TimeControl "180+2"]
[Date "2023.01.17"]
[WhiteClock "0:00:03"]
[BlackClock "0:00:03"]

1. d4 Nf6 2. Nf3 e6 3. c4 b6 4. g3 Bb4+ 5. Bd2 c5 6. Bxb4 cxb4 7. Bg2 Bb7 8. O-O O-O 9. Qd3 d5 10. Nbd2 Nbd7 11. Rac1 Rc8 12. cxd5 Nxd5 13. e4 N5f6 14. Qe3 Qe7 15. Ne5 Nxe5 16. dxe5 Nd7 17. f4 Nc5 18. Rfd1 Rfd8 19. Nc4 h6 20. Nd6 Rb8 21. h4 a5 22. Kh2 Ba6 23. f5 Rd7 24. Bh3 Rbd8 25. Rc2 exf5 26. Nxf5 Qxe5 27. Nxh6+ gxh6 28. Bxd7 Rxd7 29. Rxd7 Nxd7 30. Qxh6 Nf6 31. Qg5+ Qxg5 32. hxg5 Nxe4 33. Rc6 Nxg5 34. Rxb6 Bc4 35. b3 Be6 36. Rb5 Nf3+ 37. Kg2 Nd4 38. Rxa5 Nc2 39. Ra4 Kg7 40. Kf2 Kf6 41. Ke2 Ke5 42. Kd2 1-0


[Site "https://www.chess.com"]

[Event "Titled Tuesday Blitz January 17 Early 2023"]
[White "Srihari L R"]
[Black "Mamedov, Edgar"]
[WhiteFideId "46617116"]
[BlackFideId "13739980"]
[WhiteElo "2416"]
[BlackElo "2193"]
[Result "0-1"]
[Round "05"]
[TimeControl "180+2"]
[Date "2023.01.17"]
[WhiteClock "0:00:04"]
[BlackClock "0:00:06"]

1. b3 Nf6 2. Bb2 d5 3. e3 g6 4. f4 Bg7 5. Nf3 O-O 6. Bd3 c5 7. O-O Nc6 8. Ne5 Qc7 9. Nc3 a6 10. Na4 Nb4 11. Be2 b5 12. a3 Nxc2 13. Qxc2 bxa4 14. bxa4 Bf5 15. d3 Rab8 16. Rac1 Rfc8 17. g4 Nxg4 18. Bxg4 Bxg4 19. Bd4 Bf5 20. Qxc5 Qxc5 21. Rxc5 Rxc5 22. Bxc5 Bxe5 23. fxe5 Bxd3 24. Rd1 Bc4 25. Bxe7 h6 26. Bf6 g5 27. Kf2 Kh7 28. h4 Rb2+ 29. Kg3 gxh4+ 30. Kxh4 Rh2+ 31. Kg3 Re2 32. Kf3 Kg6 33. Rg1+ Kf5 34. Rh1 Kg6 35. Rg1+ Kf5 36. Rg7 Ke6 37. Rg8 Ra2 38. Re8+ Kf5 39. Re7 Kg6 40. Kf4 Rf2+ 41. Kg3 Ra2 42. Re8 Rxa3 43. Kf4 Ra2 44. Rg8+ Kh5 45. Kf3 Be2+ 46. Kf4 Bd3 47. Rg7 Bg6 48. Rg8 Rf2+ 49. Kg3 Ra2 50. Rh8 Rxa4 51. Bg7 Kg5 52. Bxh6+ Kf5 53. Bf4 Ra1 54. Rd8 Ke4 55. Rd6 Bf5 56. Kf2 Ra2+ 57. Ke1 Be6 58. Kd1 a5 59. Kc1 a4 60. Kb1 Ra3 61. Ra6 Rb3+ 62. Ka2 d4 63. Rxa4 Rb4+ 64. Ka3 Rxa4+ 65. Kxa4 d3 0-1


[Site "https://www.chess.com"]

[Event "Titled Tuesday Blitz January 17 Early 2023"]
[White "Estrada Nieto, Julian"]
[Black "Starozhilov, Leonid"]
[WhiteFideId "5101018"]
[BlackFideId "14106752"]
[WhiteElo "2215"]
[BlackElo "2313"]
[Result "0-1"]
[Round "05"]
[TimeControl "180+2"]
[Date "2023.01.17"]
[WhiteClock "0:00:11"]
[BlackClock "0:01:00"]

1. e4 g6 2. d4 Bg7 3. Nf3 d6 4. Nc3 Nf6 5. Be2 Bg4 6. O-O O-O 7. Be3 Nc6 8. Qd2 Bxf3 9. Bxf3 e5 10. dxe5 dxe5 11. Rad1 Qe7 12. Nd5 Nxd5 13. exd5 Nd4 14. Bxd4 exd4 15. Rfe1 Qd6 16. Re2 h5 17. g3 h4 18. Kg2 Rad8 19. Qg5 Bf6 20. Qg4 Kg7 21. Rde1 Rh8 22. Be4 Rh5 23. Bf3 Rdh8 24. Qe4 hxg3 25. Bxh5 gxf2 26. Rxf2 Rxh5 27. Kg1 Re5 28. Qf3 Rxe1+ 29. Kg2 Re3 30. Qg4 Qxd5+ 0-1


[Site "https://www.chess.com"]

[Event "Titled Tuesday Blitz January 17 Early 2023"]
[White "Gauri, Shankar"]
[Black "Batsiashvili, Nino"]
[WhiteFideId "5041350"]
[BlackFideId "13602993"]
[WhiteElo "2360"]
[BlackElo "2467"]
[Result "0-1"]
[Round "05"]
[TimeControl "180+2"]
[Date "2023.01.17"]
[WhiteClock "0:00:02"]
[BlackClock "0:01:02"]

1. Nf3 Nf6 2. g3 d5 3. Bg2 e6 4. O-O Be7 5. c4 O-O 6. d4 c6 7. Qc2 b6 8. Nbd2 Bb7 9. e4 c5 10. cxd5 exd5 11. e5 Ne8 12. b3 Nc6 13. Bb2 Nc7 14. Rad1 Ba6 15. Rfe1 Nb4 16. Qb1 Bd3 17. Qa1 Nc2 18. Qc1 Nxe1 19. Nxe1 Be2 20. f4 Bxd1 21. Qxd1 Nb5 22. Nef3 Qd7 23. h4 cxd4 24. Kh2 Bc5 25. Bh3 Qe7 26. b4 Bxb4 27. Nxd4 Nxd4 28. Bxd4 Bc5 29. Ba1 Rfd8 30. f5 d4 31. Nf3 Rd5 32. Bg2 Re8 33. f6 gxf6 34. exf6 Qxf6 35. Ng5 Rxg5 36. hxg5 Qxg5 37. Qd3 Re3 38. Qb5 Qxg3+ 0-1


[Site "https://www.chess.com"]

[Event "Titled Tuesday Blitz January 17 Early 2023"]
[White "Papasimakopoulos, Alexandros"]
[Black "Tsotsonava, Elene"]
[WhiteFideId "4244125"]
[BlackFideId "13615939"]
[WhiteElo "2401"]
[BlackElo "2053"]
[Result "1-0"]
[Round "05"]
[TimeControl "180+2"]
[Date "2023.01.17"]
[WhiteClock "0:00:20"]
[BlackClock "0:00:06"]

1. d4 Nf6 2. c4 e6 3. Nc3 Bb4 4. Qc2 Nc6 5. Nf3 d6 6. Bd2 e5 7. d5 Ne7 8. Qa4+ Bd7 9. Qxb4 O-O 10. e4 Nh5 11. Bd3 g6 12. Bh6 Ng7 13. O-O b6 14. Qb3 f5 15. exf5 gxf5 16. Ng5 Qe8 17. Nb5 Qg6 18. Bxg7 Qxg7 19. f4 exf4 20. Ne6 Bxe6 21. dxe6 Ng6 22. Nxc7 Qxc7 23. Rae1 Rae8 24. Kh1 Qc5 25. Qc2 Rf6 26. b3 Kg7 27. h3 Rexe6 28. Rxe6 Rxe6 29. Bxf5 Rf6 30. Be4 Qg5 31. Bd5 Ne5 32. Qd2 Qg3 33. Qf2 Nd3 34. Qe2 Ne5 35. b4 Qd3 36. Qxd3 Nxd3 37. a3 Ne5 38. Kg1 Kh6 39. Kf2 Kg5 40. Rd1 Kf5 41. Rd4 Kg5 42. Kf1 h5 43. Re4 Kf5 44. Rd4 Kg5 45. a4 Kh4 46. Kf2 Kg5 47. Bf3 h4 48. Rd5 Kf5 49. a5 Ke6 50. axb6 axb6 51. Rb5 Kd7 52. Rxb6 Nxc4 53. Rb7+ Kc8 54. b5 Ne3 55. Rh7 d5 56. Rxh4 d4 57. Ke2 Kc7 58. Kd3 Kb6 59. Rh5 Rd6 60. Bc6 Nxg2 61. Bxg2 Rg6 62. Be4 Rg3+ 63. Kxd4 Re3 64. Rf5 Rxh3 65. Bc6 Rh2 66. Rxf4 Rd2+ 67. Kc3 Rd6 68. Kc4 Rh6 69. Be4 Re6 70. Bd3 Rh6 71. Rg4 Rh5 72. Rg6+ Kc7 73. b6+ Kb7 74. Be4+ Ka6 75. b7+ Ka7 76. Rg8 Rb5 77. Ra8+ Kb6 78. b8=Q# 1-0


[Site "https://www.chess.com"]

[Event "Titled Tuesday Blitz January 17 Early 2023"]
[White "Csonka, Balazs"]
[Black "Rosenberg, Evan S"]
[WhiteFideId "742910"]
[BlackFideId "2019299"]
[WhiteElo "2496"]
[BlackElo "1956"]
[Result "1-0"]
[Round "05"]
[TimeControl "180+2"]
[Date "2023.01.17"]
[WhiteClock "0:00:06"]
[BlackClock "0:00:10"]

1. d4 d5 2. c4 e6 3. Nf3 c5 4. cxd5 exd5 5. g3 Nf6 6. Bg2 Nc6 7. O-O Be7 8. Nc3 O-O 9. dxc5 Bxc5 10. a3 a5 11. Bf4 Be6 12. Rc1 Qe7 13. Ne5 Rfd8 14. Na4 Bd6 15. Nd3 Ne4 16. e3 h6 17. Bxd6 Qxd6 18. Ndc5 Nxc5 19. Nxc5 Ra7 20. Qd2 b6 21. Nb3 Ne5 22. Nd4 Nc4 23. Qe2 Bd7 24. Rfd1 Rc7 25. a4 Rdc8 26. b3 Ne5 27. Rxc7 Rxc7 28. h3 Qb4 29. f4 Nc6 30. Bxd5 Nxd4 31. Rxd4 Rc1+ 32. Kf2 Qe7 33. Qd2 Rc7 34. h4 Bg4 35. Bc4 Be6 36. Rd8+ Kh7 37. Qd3+ g6 38. Qd4 f6 39. Bxe6 Qxe6 40. Rd6 Qf7 41. Qxf6 Rc2+ 42. Kf3 Qb7+ 43. e4 Qg7 44. Qxg7+ Kxg7 45. Rxb6 Rc3+ 46. Kg2 Rc2+ 47. Kh3 Re2 48. e5 g5 49. hxg5 hxg5 50. Kg4 gxf4 51. gxf4 Rg2+ 52. Kf5 Rb2 53. Rb5 Rb1 54. Rb7+ Kf8 55. Kf6 Ke8 56. e6 Kd8 57. e7+ Kc8 58. e8=Q+ Kxb7 59. Qe4+ 1-0


[Site "https://www.chess.com"]

[Event "Titled Tuesday Blitz January 17 Early 2023"]
[White "Vasques, Antonio Pedro Freixial"]
[Black "Belozerov, Andrei"]
[WhiteFideId "1908332"]
[BlackFideId "4120213"]
[WhiteElo "2214"]
[BlackElo "2461"]
[Result "0-1"]
[Round "05"]
[TimeControl "180+2"]
[Date "2023.01.17"]
[WhiteClock "0:00:02"]
[BlackClock "0:01:47"]

1. e4 c5 2. Nc3 Nc6 3. Bb5 Nd4 4. Nf3 e6 5. Nxd4 cxd4 6. Ne2 Qg5 7. Nxd4 Qc5 8. c3 e5 9. b4 Qb6 10. Bd3 exd4 11. O-O Ne7 12. Qf3 Ng6 13. Qf5 d6 14. Bb5+ Kd8 15. Qg5+ Be7 16. Qd5 Be6 17. Qxd4 Qxb5 18. Qxg7 Qe5 19. Qh6 Qxe4 20. d4 Qh4 21. Qe3 Rg8 22. Re1 Bd5 23. g3 Qh3 24. Bb2 Qg2# 0-1


[Site "https://www.chess.com"]

[Event "Titled Tuesday Blitz January 17 Early 2023"]
[White "Kleiman, Jake"]
[Black "Sohier, Julien"]
[WhiteFideId "2020041"]
[BlackFideId "645346"]
[WhiteElo "2399"]
[BlackElo "2214"]
[Result "1-0"]
[Round "05"]
[TimeControl "180+2"]
[Date "2023.01.17"]
[WhiteClock "0:01:36"]
[BlackClock "0:01:19"]

1. e4 e5 2. Nf3 Nc6 3. Bc4 Bc5 4. d3 Nf6 5. c3 O-O 6. O-O d5 7. exd5 Nxd5 8. Re1 Bg4 9. h3 Bh5 10. Nbd2 Nb6 11. Bb3 Qxd3 12. Nxe5 Qf5 13. Nef3 Rad8 14. Bc2 Bxf3 15. Nxf3 Qc8 16. Qe2 Rfe8 17. Qf1 Rxe1 18. Qxe1 Re8 19. Qd1 Ne5 20. Nxe5 Rxe5 21. Bf4 Re8 22. Qh5 g6 23. Qxc5 1-0


[Site "https://www.chess.com"]

[Event "Titled Tuesday Blitz January 17 Early 2023"]
[White "Gabdrakhmanov, Azat"]
[Black "Warchol, Kamil"]
[WhiteFideId "34189197"]
[BlackFideId "21858241"]
[WhiteElo "2316"]
[BlackElo "2173"]
[Result "0-1"]
[Round "05"]
[TimeControl "180+2"]
[Date "2023.01.17"]
[WhiteClock "0:00:04"]
[BlackClock "0:00:02"]

1. e4 c5 2. Nf3 e6 3. d4 cxd4 4. Nxd4 Nc6 5. Nc3 Qc7 6. Be3 a6 7. Qd2 Nf6 8. f3 Be7 9. g4 b5 10. O-O-O O-O 11. g5 Nh5 12. Kb1 Ne5 13. Be2 Bb7 14. f4 Nc4 15. Bxc4 Qxc4 16. Rhe1 Rac8 17. Nb3 b4 18. Na4 Bxe4 19. Rc1 Qc6 20. Nac5 Bd5 21. Nd3 Qb5 22. Nd4 Qb7 23. f5 g6 24. fxg6 fxg6 25. Ne5 Qc7 26. Ng4 Kg7 27. Nxe6+ Bxe6 28. Bd4+ Kf7 29. Nh6+ Ke8 30. Be5 Qc5 31. Bd4 Qc6 32. h3 Rf3 33. Ng4 Rxh3 34. Nf6+ Nxf6 35. gxf6 Qd5 36. b3 Bxf6 37. Qxb4 Qxd4 38. Qxd4 Bxd4 39. Rcd1 Bc3 40. Rf1 Rh2 41. a3 Bg7 42. b4 Rhxc2 43. Rd3 Rb2+ 44. Ka1 Rb3+ 45. Ka2 Rxd3+ 46. Kb1 Rxa3 47. b5 Rb3+ 48. Ka2 Rb2+ 49. Ka3 Rb3+ 50. Ka4 axb5+ 51. Ka5 Bd4 52. Ka6 Bd5 53. Ka5 Ra8# 0-1


[Site "https://www.chess.com"]

[Event "Titled Tuesday Blitz January 17 Early 2023"]
[White "Sailer, Mike"]
[Black "Tologon tegin, Semetei"]
[WhiteFideId "2012901"]
[BlackFideId "13800574"]
[WhiteElo "2109"]
[BlackElo "2372"]
[Result "0-1"]
[Round "05"]
[TimeControl "180+2"]
[Date "2023.01.17"]
[WhiteClock "0:00:01"]
[BlackClock "0:00:35"]

1. d4 Nf6 2. Nf3 e6 3. Bf4 c5 4. e3 cxd4 5. exd4 b6 6. Bd3 Ba6 7. O-O d6 8. c4 Nbd7 9. b3 Be7 10. Nc3 O-O 11. Re1 Rc8 12. Rc1 Qc7 13. a4 Qb7 14. Nb5 Bxb5 15. axb5 d5 16. Ne5 Nxe5 17. Bxe5 Rfd8 18. Re3 g6 19. Rh3 Nd7 20. Qd2 Bf8 21. Bf4 Bg7 22. Bh6 Bh8 23. Qf4 e5 24. dxe5 Nxe5 25. Be2 dxc4 26. Bxc4 Nxc4 27. bxc4 Rd4 28. Qe3 Qd7 29. Rg3 Rd1+ 0-1


[Site "https://www.chess.com"]

[Event "Titled Tuesday Blitz January 17 Early 2023"]
[White "Berezin, Viktor"]
[Black "Moroni, Luca Jr"]
[WhiteFideId "14107872"]
[BlackFideId "865834"]
[WhiteElo "2307"]
[BlackElo "2535"]
[Result "0-1"]
[Round "05"]
[TimeControl "180+2"]
[Date "2023.01.17"]
[WhiteClock "0:00:04"]
[BlackClock "0:00:13"]

1. d4 g6 2. Nf3 Bg7 3. g3 d6 4. Bg2 Bd7 5. c4 Qc8 6. Nc3 Nc6 7. Bf4 Bh3 8. Bxh3 Qxh3 9. Qd2 Nf6 10. O-O-O Qf5 11. Qc2 Ng4 12. e4 Qd7 13. h3 Nf6 14. e5 Ng8 15. Rhe1 O-O-O 16. Ng5 e6 17. Nge4 dxe5 18. dxe5 Qe8 19. Nb5 a6 20. Rxd8+ Qxd8 21. Rd1 Qe7 22. Bg5 Bh6 23. Bxh6 Nxh6 24. Nd4 Nxd4 25. Rxd4 Nf5 26. Rd1 Rd8 27. g4 Nd4 28. Qd3 Nc6 29. Qg3 Rxd1+ 30. Kxd1 Qd8+ 31. Kc1 Qd4 32. Nf6 Qxc4+ 33. Qc3 Qf1+ 34. Kc2 Qxf2+ 35. Qd2 Qxd2+ 36. Kxd2 Nxe5 37. Nxh7 Kd7 38. Nf6+ Ke7 39. Ne4 f5 40. gxf5 exf5 41. Nc5 Nc4+ 42. Kc3 Nd6 43. a4 g5 44. Kd4 a5 45. Ke5 f4 46. h4 b6 47. Nd3 gxh4 48. Kxf4 Ke6 49. Kg4 Kd5 50. Kxh4 Kc4 51. Ne5+ Kb3 52. Nd7 Kxb2 53. Nb8 Kb3 54. Na6 Ne8 55. Kg4 Kxa4 56. Kf4 Kb5 57. Nb8 a4 58. Ke3 a3 59. Kd2 a2 0-1


[Site "https://www.chess.com"]

[Event "Titled Tuesday Blitz January 17 Early 2023"]
[White "Bacrot, Etienne"]
[Black "Iljin, Timofey"]
[WhiteFideId "605506"]
[BlackFideId "14110180"]
[WhiteElo "2667"]
[BlackElo "2329"]
[Result "1-0"]
[Round "05"]
[TimeControl "180+2"]
[Date "2023.01.17"]
[WhiteClock "0:01:49"]
[BlackClock "0:00:05"]

1. e4 e5 2. Nf3 Nc6 3. Bb5 a6 4. Ba4 Nf6 5. d3 b5 6. Bb3 Bc5 7. Nc3 d6 8. a3 h6 9. h3 O-O 10. g4 Nxg4 11. hxg4 Bxg4 12. Rg1 Qd7 13. Bxh6 gxh6 14. Nh2 h5 15. Nxg4 hxg4 16. Rxg4+ Kh8 17. Kd2 f5 18. Qh1+ Qh7 19. Qxh7+ Kxh7 20. Rh1# 1-0


[Site "https://www.chess.com"]

[Event "Titled Tuesday Blitz January 17 Early 2023"]
[White "Harsha Bharathakoti"]
[Black "Vivas Zamora, Fabian Ernesto"]
[WhiteFideId "5078776"]
[BlackFideId "3902480"]
[WhiteElo "2602"]
[BlackElo "2346"]
[Result "0-1"]
[Round "05"]
[TimeControl "180+2"]
[Date "2023.01.17"]
[WhiteClock "0:00:01"]
[BlackClock "0:00:11"]

1. e4 e5 2. Nf3 Nc6 3. Bb5 f5 4. d3 fxe4 5. dxe4 Nf6 6. O-O Bc5 7. Bc4 d6 8. Nc3 Bg4 9. h3 Bh5 10. g4 Bg6 11. Nh4 Qd7 12. Bg5 O-O-O 13. Nd5 Nxe4 14. Bxd8 Qxd8 15. Nf5 Bxf5 16. gxf5 Qg5+ 17. Qg4 Qxg4+ 18. hxg4 Nd2 19. Bd3 Nxf1 20. Rxf1 Nd4 21. c3 Nf3+ 22. Kg2 Ng5 23. f4 exf4 24. Nxf4 Re8 25. Ne6 Nxe6 26. fxe6 g6 27. Rf7 Rxe6 28. Rxh7 b6 29. Bb5 Kb7 30. Bc4 Re5 31. Kf3 Kc6 32. Rg7 g5 33. Kg2 b5 34. Bd3 a5 35. a3 Re3 36. Bf5 Re2+ 37. Kf3 Rf2+ 38. Kg3 Rxb2 39. Be4+ d5 40. Rxg5 Bd6+ 41. Kf3 dxe4+ 42. Kxe4 Rb3 43. Kd4 Rxa3 44. Rh5 Ra4+ 45. Kd3 Rxg4 46. Rh6 Rg3+ 47. Kd2 Kc5 48. Kc2 Rg2+ 49. Kd3 Rg3+ 50. Kc2 Bf4 51. Rh5+ Kc6 52. Rf5 Bd6 53. Kb3 b4 54. Ka4 Rxc3 55. Rg5 Ra3# 0-1


[Site "https://www.chess.com"]

[Event "Titled Tuesday Blitz January 17 Early 2023"]
[White "Dvirnyy, Danyyil"]
[Black "Lehtosaari, Mauri"]
[WhiteFideId "817570"]
[BlackFideId "501999"]
[WhiteElo "2541"]
[BlackElo "2176"]
[Result "0-1"]
[Round "05"]
[TimeControl "180+2"]
[Date "2023.01.17"]
[WhiteClock "0:02:09"]
[BlackClock "0:02:04"]

1. d4 d5 2. c4 c6 3. Nf3 Nf6 4. e3 Bg4 5. Nc3 e6 6. h3 Bh5 7. g4 Bg6 8. Ne5 Nfd7 9. Nxg6 hxg6 10. Bd2 a5 11. Qb3 Qb6 12. Qa3 Bxa3 0-1


[Site "https://www.chess.com"]

[Event "Titled Tuesday Blitz January 17 Early 2023"]
[White "Buksa, Nataliya"]
[Black "Cherniaiev, Tykhon"]
[WhiteFideId "14123622"]
[BlackFideId "14182360"]
[WhiteElo "2406"]
[BlackElo "2330"]
[Result "0-1"]
[Round "05"]
[TimeControl "180+2"]
[Date "2023.01.17"]
[WhiteClock "0:00:02"]
[BlackClock "0:00:02"]

1. d4 Nf6 2. Nc3 d5 3. Bf4 a6 4. e3 c5 5. Nf3 Nc6 6. dxc5 e6 7. Bd3 Bxc5 8. O-O Bd6 9. Bxd6 Qxd6 10. e4 d4 11. Ne2 e5 12. h3 O-O 13. Ng3 Be6 14. Nh4 Ne7 15. Qd2 Ng6 16. Nhf5 Bxf5 17. Nxf5 Qc6 18. Rae1 Rae8 19. g3 Ne7 20. Nh4 Ng6 21. Ng2 b5 22. a3 Kh8 23. Qe2 Qc8 24. Kh2 Qc6 25. h4 Rg8 26. h5 Nf8 27. Nh4 h6 28. f4 exf4 29. gxf4 Ne6 30. e5 Nc5 31. Bf5 Nd5 32. Qf3 Ne7 33. Qxc6 Nxc6 34. b4 Ne6 35. Rd1 Rd8 36. Bxe6 fxe6 37. Ng6+ Kh7 38. Rd3 Rge8 39. Rfd1 Rd7 40. Kg3 Rc8 41. c3 Rcd8 42. f5 exf5 43. e6 Rd6 44. Nf4 Re8 45. cxd4 Ne7 46. d5 Rc8 47. R1d2 Rc4 48. Ng6 Rg4+ 49. Kf3 Ng8 50. e7 Re4 51. Re2 Nf6 0-1


[Site "https://www.chess.com"]

[Event "Titled Tuesday Blitz January 17 Early 2023"]
[White "Pein, Jonathan"]
[Black "Krivonosov, Oleg"]
[WhiteFideId "417092"]
[BlackFideId "11600349"]
[WhiteElo "2265"]
[BlackElo "2359"]
[Result "0-1"]
[Round "05"]
[TimeControl "180+2"]
[Date "2023.01.17"]
[WhiteClock "0:00:07"]
[BlackClock "0:00:06"]

1. e4 e5 2. Nf3 Nc6 3. Nc3 Nf6 4. g3 Bc5 5. Bg2 d6 6. d3 a6 7. O-O h6 8. Be3 Bxe3 9. fxe3 Ne7 10. Nh4 c6 11. Qe2 Bg4 12. Qf2 Be6 13. Nf5 Bxf5 14. exf5 d5 15. e4 Qd6 16. Qb6 dxe4 17. Nxe4 Nxe4 18. Bxe4 Rb8 19. f6 gxf6 20. Qf2 Nd5 21. Rae1 Nc7 22. c3 Rd8 23. d4 exd4 24. Qxf6 Qxf6 25. Rxf6 Ne6 26. cxd4 Rxd4 27. Bg6 fxg6 28. Rfxe6+ Kd8 29. Rxg6 Rd7 30. Ree6 h5 31. Rd6 Kc7 32. Rxd7+ Kxd7 33. Kg2 b5 34. Kh3 a5 35. Kh4 Re8 36. Rg5 Re2 37. h3 Rxb2 38. a4 Rb4+ 39. Kxh5 Rxa4 40. g4 Ra1 41. Rg8 a4 42. g5 a3 43. g6 b4 44. g7 Rg1 45. Ra8 Ke6 46. Ra7 Rxg7 47. Rxg7 a2 48. Ra7 b3 49. Kg5 b2 50. Rxa2 b1=Q 51. Re2+ Kd5 52. Rf2 Qg1+ 53. Kh5 Qxf2 54. h4 Qg3 0-1


[Site "https://www.chess.com"]